 Dungeon Crawl Stone Soup version 0.30-a0-476-g330ca2eb8e (webtiles) character file.

Game seed: 9073237417554542201

5280 kae the Transmogrifier (level 10, -1/71 HPs)
             Began as a Green Draconian Transmuter on Dec 21, 2022.
             Was a Believer of Ru.
             Slain by a vampire
             ... wielding a +1 vampiric halberd
              (8 damage)
             ... in a bailey.
             The game lasted 00:13:53 (9583 turns).

kae the Transmogrifier (Green Draconian Transmuter) Turns: 9583, Time: 00:13:54

Health: -1/71      AC:  9    Str: 14    XL:     10   Next: 37%
Magic:  16/20      EV: 16    Int: 17    God:    Ru [**....]
Gold:   1012       SH:  0    Dex: 11    Spells: 8/23 levels left

rFire   . . .      SeeInvis .      - Unarmed
rCold   . . .      Faith    .    (shield currently unavailable)
rNeg    . . .      Spirit   .    (body armour unavailable)
rPois   +          Reflect  .    G - +1 hat
rElec   .          Harm     .    y - +0 cloak
rCorr   .          Rampage  .    (gloves currently unavailable)
Will    .....                    (no boots)
Stlth   +.........               A - amulet of the acrobat
HPRegen 0.31/turn                Z - ring of wizardry
MPRegen 0.17/turn                E - +4 ring of evasion

@: blade hands
A: breathe noxious fumes, AC +7, unfitting armour, poison resistance,
cold-blooded, hated by all
a: Breathe Noxious Fumes, End Transformation, Renounce Religion


You were in a bailey.
You worshipped Ru.
Ru was pleased with you.
You had blades for hands.
You visited 1 branch of the dungeon, and saw 9 of its levels.
You also visited: Bailey.

You collected 1109 gold pieces.
You spent 97 gold pieces at shops.


Innate Abilities, Weirdness & Mutations

You have blades for hands.
Your spellcasting is less reliable in this form.
You are incapable of wielding weapons or throwing items.
You can breathe blasts of noxious fumes.
Your lurid green scales are hard. (AC +7)
You cannot fit into any form of body armour.
Your system is resistant to poisons. (rPois)
You are cold-blooded and may be slowed by cold attacks.
You are hated by all.


   Skills:
 + Level 1.1 Fighting
 + Level 1.7 Dodging
 + Level 8.1 Unarmed Combat
 - Level 7.1 Spellcasting
 * Level 10.8 Transmutations
 - Level 3.0 Ice Magic
 - Level 1.9 Poison Magic


You had 8 spell levels left.
You knew the following spells:

 Your Spells              Type           Power      Damage    Failure   Level
a - Beastly Appendage     Tmut           86%        N/A       3%          1
b - Wereblood             Tmut           43%        N/A       3%          2
c - Spider Form           Tmut/Pois      27%        N/A       10%         3
d - Ice Form              Ice/Tmut       29%        N/A       16%         4
e - Blade Hands           Tmut           21%        N/A       12%         5

Your spell library contained the following spells:

 Spells                   Type           Power      Damage    Failure   Level
 Frozen Ramparts          Ice            32%        1d5       21%         3
 Dazzling Flash           Conj/Hex       12%        N/A       43%         3
 Portal Projectile        Hex/Tloc       12%        N/A       43%         3
 Iskenderun's Mystic Bla  Conj/Tloc      6%         2d4       73%         4
 Agony                    Necr           6%         N/A       94%         5
 Fireball                 Conj/Fire      3%         3d4       94%         5
 Iskenderun's Battlesphe  Conj           6%         2d6       94%         5
 Silence                  Hex/Air        3%         N/A       94%         5
 Conjure Ball Lightning   Conj/Air       3%         3x3d6     100%        6
 Starburst                Conj/Fire      3%         6d3       100%        6
 Orb of Destruction       Conj           3%         9d5       100%        7
 Tukima's Dance           Hex            Unusable   N/A       N/A         3
 Summon Ice Beast         Ice/Summ       Unusable   N/A       N/A         4

Inventory:

Hand Weapons
 t - the +2 flail "Wizit" (melded) {vorpal, *Noise rElec rF+++ rN++}
   (You found it on level 5 of the Dungeon)

   It inflicts extra damage upon your enemies.
   rF:        It renders you almost immune to fire.
   rElec:     It insulates you from electricity.
   rN:        It greatly protects you from negative energy.
   *Noise:    It may make noises in combat.
Missiles
 f - 49 stones
 s - 13 poisoned darts
Armour
 y - a +0 cloak (worn)
   (You took it off Crazy Yiuf on level 7 of the Dungeon)
 G - a +1 hat (worn)
   (You took it off Gastronok on level 8 of the Dungeon)
Magical Staves
 F - a staff of poison {!a}
   (You found it on level 8 of the Dungeon)
Jewellery
 A - an amulet of the acrobat (around neck)
   (You found it on level 6 of the Dungeon)
 E - a +4 ring of evasion (right blade hand)
   (You found it on level 6 of the Dungeon)
 W - a ring of magical power
   (You found it on level 4 of the Dungeon)
 Z - a ring of wizardry (left blade hand)
   (You took it off a gnoll on level 7 of the Dungeon)
Wands
 m - a wand of paralysis (11)
   (You found it on level 4 of the Dungeon)
 q - a wand of digging (4)
   (You took it off Ijyb on level 4 of the Dungeon)
 z - a wand of mindburst (12)
   (You found it on level 7 of the Dungeon)
 C - a wand of polymorph (3)
   (You found it on level 8 of the Dungeon)
Scrolls
 j - 2 scrolls of fear
 k - 5 scrolls of teleportation {@r4}
 u - a scroll of immolation {!r!r}
 w - a scroll of vulnerability {!r!r}
 x - 2 scrolls of poison
 D - a scroll of blinking {!r}
Potions
 a - 4 potions of lignification {!q}
 b - 2 potions of invisibility {unknown}
 c - 3 potions of brilliance {unknown}
 d - 2 potions of attraction {!q}
 e - 2 potions of cancellation
 g - a potion of mutation {!q}
 h - 4 potions of curing {@q1}
 i - 3 potions of heal wounds {unknown}
 l - 3 potions of haste {unknown}
 o - a potion of flight
 p - a potion of magic {unknown}
 r - 4 potions of degeneration {unknown}

Dungeon Overview and Level Annotations

Branches:
Dungeon (9/15) Zot: 26742  Temple (0/1) D:7          Bailey (1/1) Zot: 5710
   Lair: D:8-11         Orc: D:9-12

Altars:
Dithmenos
Kikubaaqudgha
Makhleb
Nemelex Xobeh
Okawaru
Qazlal
Ru
Uskayaw
Wu Jian

Shops:
D:1 * D:4

* #### ≈≈#
+..#########≈≈.##
##..#.......#≈≈..####
.##'#..))...#≈≈..#..##
........)...# ≈......#
♣......#########...∩.#
♣.............Z{.§...#
♣..♣.......Z).§§@§...#
..♣....#########§§.∩.#
........# #.≈≈......#
........+ #.≈≈..#..##
....Z♣♣.# #.≈≈..####
...♣....# #.≈≈.##
...♣....# #.≈≈##
##......# #.≈≈
#......# #.≈≈


You could see an orc zombie.


Message History

Do you really want to make this sacrifice?
You are now hated by all.
You now exude an aura of power that intimidates your foes.
Your aura of power can now strike those that harm you.
Okay, then.
Casting: Blade Hands (dangerous; 1% risk of failure)
Confirm with . or Enter, or press ? or * to list all spells.
Your hands turn into razor-sharp scythe blades.
The +2 flail "Wizit" {vorpal, *Noise rElec rF+++ rN++} melds into your body. 😎 MP[-5]
You lost 5 mp, and now have 15/20 mp.
There is a large open door here.
The vampire mumbles some strange words.
The vampire flickers and vanishes!
Deactivating autopickup; reactivate with Ctrl-A. 😎 MP[+1]
Something tries to affect you, but you resist.
You see here a +0 spear.
You redirect something's attack!
You see here a +3 spear.
You redirect something's attack! 😎 MP[+1]
You redirect something's attack! 😎 MP[+1] 2 orc zombies come into view.
Something tries to affect you, but you resist. 😎 MP[+1] 😎 MP[+1]
Your mp is fully restored (20).
You see here a +0 spear.
Your transformation is almost over.
Okay, then.
Okay, then.
Unknown command.
As you read the scroll of fog, it crumbles to dust.
The scroll dissolves into smoke.
The orc zombie completely misses you. The orc zombie completely misses you.
The orc zombie barely misses you. Something closely misses you.
Something completely misses you.
You closely miss something. The orc zombie closely misses you. x2
You hear some strange, mumbled words.
Something tries to affect you, but you resist.
You completely miss something. You tail-slap something.
You slice the orc zombie!!
You destroy the orc zombie!
Your hands revert to their normal proportions.
The +2 flail "Wizit" {vorpal, *Noise rElec rF+++ rN++} unmelds from your body.
Something hits you. Something bites you but does no damage.
The orc zombie closely misses you. 😕 HP[-5]
You take 5 damage, and now have 66/71 hp.
Unknown command.
Casting: Blade Hands (dangerous; 1% risk of failure)
Confirm with . or Enter, or press ? or * to list all spells.
Your hands turn into razor-sharp scythe blades.
The +2 flail "Wizit" {vorpal, *Noise rElec rF+++ rN++} melds into your body.
Something barely misses you. Something bites you but does no damage.
The orc zombie hits you but does no damage. 😕 MP[-5]
You lost 5 mp, and now have 15/20 mp.
You completely miss something. Something barely misses you.
Something completely misses you. The orc zombie closely misses you.
You hit something but do no damage. Something hits you. Something bites you!
Something draws strength from your injuries! 😮 HP[-14]
You take 14 damage, and now have 52/71 hp.
Unknown command.
You hit something but do no damage. The orc zombie barely misses you.
Something hits you! Something bites you.
Something draws strength from your injuries! 😮 HP[-8]
You take 8 damage, and now have 44/71 hp.
You slice something!! The orc zombie misses you.
Something draws life force from you!
* * * LOW HITPOINT WARNING * * *
😨 HP[-17]
You take 17 damage, and now have 27/71 hp.
MASSIVE DAMAGE!! (PAUSE)
You hit something but do no damage. You tail-slap something.
Your slash misses something. You closely miss something. Something hits you.
* * * LOW HITPOINT WARNING * * *
Something bites you but does no damage.
The orc zombie barely misses you. 😨 HP[-3] MP[+1]
You take 3 damage, and now have 24/71 hp.
Unknown command.
You barely miss something. You slash something.
Something completely misses you. Something bites you.
* * * LOW HITPOINT WARNING * * *
Something draws strength from your injuries!
The orc zombie hits you from afar with a +0 spear.
* * * LOW HITPOINT WARNING * * *
😨 HP[-4]
You take 4 damage, and now have 20/71 hp.
Unknown command.
You closely miss something. Something hits you!
* * * LOW HITPOINT WARNING * * *
You focus your inner power and blind something in retribution!
Something bites you!
You die...

Skill      XL: |  1  2  3  4  5  6  7  8  9 10 |
---------------+-------------------------------+-----
Transmutations | 3 4 5 6 8 10 | 10.8
Poison Magic   | 1 |  1.9
Spellcasting   | 3 4 5 6 7 |  7.1
Unarmed Combat | 4 5 6 7 8 |  8.1
Ice Magic      | 1 2 3 |  3.0
Fighting       | |  1.1
Dodging        | |  1.7

Action                   |  1- 3 |  4- 6 |  7- 9 | 10-12 || total
-------------------------+-------+-------+-------+-------++-------
Melee: Unarmed           |   102 |   141 |   200 |    84 ||   527
       Tailslap          |    13 |    10 |    22 |    15 ||    60
       Kick              |    13 |     7 |     1 |       ||    21
       Headbutt          |    10 |     6 |     1 |       ||    17
       Punch             |     2 |     3 |     2 |     6 ||    13
       Flail             |       |       |    35 |     4 ||    39
 Cast: Beastly Appendage |    24 |    15 |     7 |       ||    46
       Spider Form       |     1 |    12 |    13 |       ||    26
       Wereblood         |       |     2 |     9 |       ||    11
       Ice Form          |       |       |     4 |       ||     4
       Blade Hands       |       |       |    20 |    15 ||    35
Invok: Reject Sacrifices |       |       |     1 |       ||     1
       Sacrifice Love    |       |       |       |     1 ||     1
 Abil: Breathe Noxious F |       |       |     6 |     2 ||     8
  Use: Scroll            |     6 |     6 |     5 |     4 ||    21
       Potion            |       |     1 |       |     1 ||     2
 Stab: Sleeping          |     3 |       |       |       ||     3
       Confused          |       |       |     5 |     1 ||     6
Armor: Skin              |    31 |    29 |    33 |    27 ||   120
Dodge: Dodged            |    82 |    77 |   215 |   105 ||   479

Levels and vault maps discovered:
D:1:      shiori_arrival_maze, layout_basic, serial_shops,
          nicolae_shop_behind_doors, palyth_stone_intersect
D:2:      layout_basic, nicolae_ecumenical_snake_handling, basic_altar,
          minmay_diced_spiral
D:3:      layout_basic, demons_altar
D:4:      layout_basic, nicolae_ru_awakened_eye,
          nicolae_overflow_hallway_of_the_gods, serial_shops,
          nicolae_shop_hallway_stairs, minivault_1, uniq_ijyb
D:5:      layout_basic, grunt_dithmenos_smoke, uniq_edmund
D:6:      layout_loops_ring, serial_rivers, chequers_serial_rivers_micro_a,
          chequers_serial_rivers_micro_b, chequers_serial_rivers_room_a,
          chequers_serial_rivers_micro_c, minmay_misc_feat_cross
D:7:      layout_basic, minmay_temple_entry_grid,
          nicolae_concentric_dashed_squares_mild,
          chequers_serial_rivers_micro_e, uniq_crazy_yiuf_cottage, uniq_maggie,
          uniq_menkaure
D:8:      layout_basic, kennysheep_flooded_box, uniq_gastronok, uniq_grum
D:9:      layout_cross, enter_bailey_1
Bailey:   bailey_polearm_vampire_castle_hellmonk, bailey

Notes
Turn   | Place    | Note
-------+----------+-------------------------------------------
     0 | D:1      | kae the Draconian Transmuter began the quest for the Orb.
     0 | D:1      | Reached XP level 1. HP: 16/16 MP: 3/3
     0 | D:1      | magus.rc [v1.11.3]
   138 | D:1      | Reached XP level 2. HP: 21/23 MP: 3/5
   154 | D:1      | Found Qamiph's Assorted Antiques.
   208 | D:1      | Learned a level 2 spell: Wereblood
   537 | D:1      | Reached XP level 3. HP: 28/28 MP: 4/6
   550 | D:1      | Learned a level 3 spell: Spider Form
   896 | D:2      | Found a faded altar of an unknown god.
   916 | D:2      | You pick up a book of Rime and begin reading...
   916 | D:2      | You add the spells Frozen Ramparts and Summon Ice Beast to
                  | your library.
   969 | D:2      | Reached skill level 3 in Transmutations
  1193 | D:2      | Found a hazy altar of Hepliaklqana.
  1302 | D:2      | You pick up a book of the Senses and begin reading...
  1302 | D:2      | You add the spells Dazzling Flash, Agony and Silence to
                  | your library.
  1773 | D:2      | Reached XP level 4. HP: 27/35 MP: 5/7
  1953 | D:3      | Identified a scroll of acquirement
  1953 | D:3      | Acquired 484 gold pieces
  1992 | D:3      | Reached skill level 1 in Poison Magic
  1996 | D:3      | Found a burning altar of Makhleb.
  2203 | D:3      | You fall into a shaft and drop 2 floors!
  2203 | D:5      | Entered Level 5 of the Dungeon
  2212 | D:4      | Found Moist's General Store.
  2216 | D:4      | Bought a scroll of magic mapping for 97 gold pieces
  2278 | D:3      | You pick up a book of Weapons and begin reading...
  2278 | D:3      | You add the spells Tukima's Dance, Portal Projectile and
                  | Blade Hands to your library.
  2470 | D:3      | Reached XP level 5. HP: 27/40 MP: 6/9
  2476 | D:3      | Reached skill level 4 in Transmutations
  2837 | D:3      | Reached skill level 3 in Spellcasting
  2903 | D:4      | Found a stormy altar of Qazlal.
  3028 | D:4      | You pick up a book of the Spheres and begin reading...
  3028 | D:4      | You add the spells Iskenderun's Battlesphere, Fireball,
                  | Conjure Ball Lightning and Orb of Destruction to your
                  | library.
  3060 | D:4      | Found a sacrificial altar of Ru.
  3077 | D:4      | Became a worshipper of Ru the Awakened
  3168 | D:4      | You pick up a book of Spectacle and begin reading...
  3168 | D:4      | You add the spells Iskenderun's Mystic Blast and Starburst
                  | to your library.
  3218 | D:4      | Reached skill level 4 in Unarmed Combat
  3218 | D:4      | Reached XP level 6. HP: 47/47 MP: 6/10
  3223 | D:4      | Learned a level 4 spell: Ice Form
  3256 | D:4      | Found a sparkling altar of Nemelex Xobeh.
  3299 | D:4      | Noticed Ijyb
  3309 | D:4      | Killed Ijyb
  3507 | D:4      | Found a hide-covered altar of Uskayaw.
  3514 | D:4      | Found an iron altar of Okawaru.
  3526 | D:4      | Found an ornate altar of the Wu Jian Council.
  3528 | D:4      | Found an ancient bone altar of Kikubaaqudgha.
  3746 | D:5      | Found a shadowy altar of Dithmenos.
  3783 | D:5      | Reached skill level 1 in Ice Magic
  3787 | D:5      | Reached skill level 5 in Transmutations
  4124 | D:5      | Identified the +2 flail "Wizit" {vorpal, *Noise rElec rF+++
                  | rN++}
  4229 | D:5      | Your scales start taking on a lurid green colour.
  4229 | D:5      | Reached XP level 7. HP: 22/52 MP: 12/12
  4229 | D:5      | Gained mutation: Your system is resistant to poisons.
                  | (rPois) [Green Draconian growth]
  4236 | D:5      | HP: 13/52 [poisoned by a scorpion]
  4943 | D:5      | Noticed Edmund
  4975 | D:5      | Killed Edmund
  4976 | D:5      | Reached skill level 2 in Ice Magic
  5313 | D:6      | Reached skill level 5 in Unarmed Combat
  5313 | D:6      | Reached skill level 4 in Spellcasting
  5313 | D:6      | Reached skill level 6 in Transmutations
  5368 | D:6      | Noticed a steam dragon
  5394 | D:6      | Killed a steam dragon
  5395 | D:6      | Reached XP level 8. HP: 19/59 MP: 14/14
  5582 | D:6      | Reached skill level 3 in Ice Magic
  5628 | D:6      | HP: 14/59 [poisoned by a scorpion]
  5633 | D:6      | HP: 11/59 [poisoned by a scorpion]
  5949 | D:6      | Reached skill level 7 in Transmutations
  6212 | D:6      | Learned a level 5 spell: Blade Hands
  6421 | D:7      | Noticed Maggie
  6436 | D:7      | Killed Maggie
  6437 | D:7      | Reached skill level 5 in Spellcasting
  6455 | D:7      | Reached skill level 6 in Unarmed Combat
  6545 | D:7      | Found a staircase to the Ecumenical Temple.
  6580 | D:7      | Reached skill level 8 in Transmutations
  6638 | D:7      | Noticed Menkaure
  6658 | D:7      | Killed Menkaure
  6659 | D:7      | Reached XP level 9. HP: 54/64 MP: 17/17
  7350 | D:7      | Found a runed translucent door.
  7351 | D:7      | Noticed Crazy Yiuf
  7465 | D:7      | Killed Crazy Yiuf
  7728 | D:8      | Reached skill level 9 in Transmutations
  7734 | D:8      | Noticed Gastronok
  7739 | D:8      | Reached skill level 6 in Spellcasting
  8001 | D:8      | Reached skill level 7 in Unarmed Combat
  8021 | D:7      | HP: 14/64 [killer bee (5)]
  8352 | D:8      | Killed Gastronok
  8353 | D:8      | Reached skill level 10 in Transmutations
  8353 | D:8      | Reached XP level 10. HP: 71/71 MP: 15/20
  8783 | D:8      | Noticed Grum
  8788 | D:8      | Killed Grum
  9046 | D:9      | HP: 15/71 [orc priest/+0 whip (3)]
  9243 | D:9      | Reached skill level 7 in Spellcasting
  9256 | D:9      | Reached skill level 8 in Unarmed Combat
  9283 | D:9      | Found a flagged portal.
  9292 | Bailey   | Entered a bailey
  9426 | Bailey   | Noticed a gargoyle
  9434 | Bailey   | Killed a gargoyle
  9529 | Bailey   | Gained mutation: You are hated by all. [Ru sacrifice]
  9529 | Bailey   | Reached * piety under Ru
  9529 | Bailey   | Reached ** piety under Ru
  9583 | Bailey   | HP: 7/71 [something (13)]
  9583 | Bailey   | Slain by a vampire

Vanquished Creatures
  Gastronok (D:8)
  A gargoyle (Bailey)
  Maggie (D:7)
  2 hornets
  A steam dragon (D:6)
  Grum (D:8)
  Menkaure (D:7)
  Edmund (D:5)
  A water moccasin (D:7)
  An orc warrior (D:6)
  3 sky beasts
  2 ice beasts
  2 wolves (D:8)
  A phantom (D:6)
  A kobold brigand (D:7)
  A necrophage (D:7)
  3 bullfrogs
  4 scorpions
  4 wights (D:8)
  5 killer bees
  A hound (D:6)
  2 jellies
  Crazy Yiuf (D:7)
  2 orc priests (D:9)
  A gnoll bouda (D:8)
  3 iguanas
  3 iron imps (D:3)
  Ijyb (D:4)
  5 orc wizards
  9 adders
  15 gnolls
  2 shadow imps
  3 white imps
  3 ufetubi
  5 worms
  3 dart slugs
  22 orcs
  8 bats
  6 endoplasms
  2 giant cockroaches
  5 goblins
  8 hobgoblins
  9 kobolds
  3 quokkas
  9 ball pythons
  4 frilled lizards
  11 orc zombies (Bailey)
  3 rats
186 creatures vanquished.

Table legend:
 A = Non-vault XP
 B = Vault XP
 C = Vault XP percentage of total XP
 D = Non-vault monster count
 E = Vault monster count
 F = Vault count percentage of total count
                 A         B        C        D         E       F
            +---------+---------+-------+---------+---------+-------
      Total |    4341 |    3202 |  42.4 |     156 |      30 |  16.1
            +---------+---------+-------+---------+---------+-------
        D:1 |      47 |       3 |   6.0 |      25 |       2 |   7.4
        D:2 |      50 |       7 |  12.3 |      12 |       4 |  25.0
        D:3 |      51 |     125 |  71.0 |      16 |       3 |  15.8
        D:4 |     181 |      36 |  16.6 |       7 |       1 |  12.5
        D:5 |     412 |     157 |  27.6 |      29 |       1 |   3.3
        D:6 |     893 |       0 |   0.0 |      16 |       0 |   0.0
        D:7 |     973 |     599 |  38.1 |      19 |       3 |  13.6
        D:8 |    1163 |    1822 |  61.0 |      22 |       4 |  15.4
        D:9 |     571 |       0 |   0.0 |      10 |       0 |   0.0
     Bailey |       0 |     453 | 100.0 |       0 |      12 | 100.0
            +---------+---------+-------+---------+---------+-------

Illustrated notes

Table legend:
 A = Kills in this place as a percentage of kills in entire the game.
 B = Kills by you in this place as a percentage of kills by you in the entire game.
 C = Kills by friends in this place as a percentage of kills by friends in the entire game.
 D = Other kills in this place as a percentage of other kills in the entire game.
 E = Experience gained in this place as a percentage of experience gained in the entire game.
 F = Experience gained in this place divided by the number of levels of this place that you have seen.
                   A       B       C       D       E      F
               +-------+-------+-------+-------+-------+----------------------
         Total | 100.0 | 100.0 |   N/A | 100.0 | 100.0 | 754.3
       Dungeon |  93.5 |  93.5 |   N/A | 100.0 |  94.0 | 787.8
        Bailey |   6.5 |   6.5 |   N/A |   0.0 |   6.0 | 453.0
               +-------+-------+-------+-------+-------+----------------------

Table legend: (Time is in decaauts)
 A = Elapsed time spent in this place.
 B = Non-inter-level travel time spent in this place.
 C = Inter-level travel time spent in this place.
 D = Time resting spent in this place.
 E = Time spent auto-exploring this place.
 F = Levels seen in this place.
 G = Mean time per level.
                   A        B        C        D        E       F      G
               +--------+--------+--------+--------+--------+-----+--------+
         Total |   9550 |   9236 |    314 |   1052 |   6512 |  10 |  955.0 |
       Dungeon |   9262 |   8948 |    314 |   1050 |   6334 |   9 | 1029.1 |
        Bailey |    288 |    288 |      0 |      2 |    178 |   1 |  288.0 |
               +--------+--------+--------+--------+--------+-----+--------+

Top non-repeatable levels by time:
     D:5: 1533 daAuts
     D:7: 1491 daAuts
     D:8: 1294 daAuts
     D:6: 1186 daAuts
     D:2: 1078 daAuts
     D:4: 896 daAuts
     D:1: 867 daAuts
     D:3: 836 daAuts
  Bailey: 288 daAuts
     D:9: 79 daAuts
